 Dungeon Crawl Stone Soup version 0.29-a0-221-gceb61267dd (webtiles) character file.

Game seed: 15995427872512270467

2109 enile the Slasher (level 9, -5/74 HPs)
             Began as a Gnoll Cinder Acolyte on Feb 26, 2022.
             Was a Priest of Ignis.
             Slain by a yak (11 damage)
             ... on level 5 of the Dungeon.
             The game lasted 00:09:40 (7585 turns).

enile the Slasher (Gnoll Cinder Acolyte)            Turns: 7585, Time: 00:09:40

Health: -5/74      AC:  3    Str: 14    XL:     9   Next: 28%
Magic:  6/16       EV: 14    Int: 15    God:    Ignis [***...]
Gold:   331        SH:  0    Dex: 16    Spells: 16/18 levels left

rFire   + . .      SeeInvis .   H - +2 flail (vorpal)
rCold   . . .      Faith    .   (no shield)
rNeg    . . .      Spirit   .   b - +1 robe
rPois   .          Reflect  .   (no helmet)
rElec   .          Harm     .   (no cloak)
rCorr   .          Rampage  .   (no gloves)
Will    .....                   (no boots)
Stlth   +++.......              (no amulet)
HPRegen 0.22/turn               v - +6 ring of dexterity
MPRegen 0.15/turn               (no ring)

@: rising, flying
A: fangs 1, strong nose, distributed training
a: Renounce Religion, Fiery Armour, Foxfire Swarm


You were on level 5 of the Dungeon.
You worshipped Ignis.
Ignis was most pleased with you.
You visited 1 branch of the dungeon, and saw 5 of its levels.
You also visited: Sewer.

You collected 331 gold pieces.

Inventory:

Hand Weapons
 a - a -1 falchion of flaming
 e - a +0 short sword
 s - a +0 falchion
 y - a +4 dagger
 F - a +0 morningstar of protection
 H - a +2 vorpal flail (weapon)
 J - a +2 short sword of electrocution
Missiles
 o - 3 curare-tipped darts (quivered)
 x - 34 poisoned darts
Armour
 b - a +1 robe (worn)
 c - a +0 scale mail
 j - a +0 plate armour
 I - a +2 scale mail of cold resistance
Magical Staves
 d - a staff of poison
 w - a staff of death
Jewellery
 v - a +6 ring of dexterity (left hand)
Wands
 u - a wand of iceblast (6)
 B - a wand of charming (1)
 C - a wand of flame (20)
 G - a wand of polymorph (10)
Scrolls
 i - a scroll of summoning {unknown}
 k - 2 scrolls of blinking
 m - 3 scrolls of holy word
 n - a scroll of fear
 p - a scroll of teleportation {unknown}
 r - a scroll of brand weapon {unknown}
 t - a scroll of enchant weapon {unknown}
 D - a scroll of silence {unknown}
 E - 2 scrolls of immolation
 K - a scroll of noise {unknown}
Potions
 f - 2 potions of brilliance {unknown}
 g - 2 potions of heal wounds {unknown}
 h - a potion of attraction {unknown}
 l - 3 potions of lignification {unknown}
 q - a potion of resistance {unknown}
 z - a potion of invisibility
 A - a potion of might {unknown}


   Skills:
 + Level 7.8 Fighting
 + Level 4.1 Short Blades
 + Level 7.8 Long Blades
 + Level 4.1 Axes
 + Level 4.1 Maces & Flails
 + Level 4.1 Polearms
 + Level 4.1 Staves
 + Level 4.1 Slings
 + Level 4.1 Bows
 + Level 4.1 Crossbows
 + Level 4.1 Throwing
 + Level 4.1 Armour
 + Level 4.1 Dodging
 + Level 4.1 Stealth
 + Level 4.1 Shields
 + Level 4.1 Unarmed Combat
 + Level 5.0 Spellcasting
 + Level 3.3 Conjurations
 + Level 3.3 Hexes
 + Level 3.3 Summonings
 + Level 3.3 Necromancy
 + Level 3.3 Translocations
 + Level 3.3 Transmutations
 + Level 6.5 Fire Magic
 + Level 3.3 Ice Magic
 + Level 3.3 Air Magic
 + Level 3.3 Earth Magic
 + Level 3.3 Poison Magic
 + Level 4.5 Invocations
 + Level 4.1 Evocations


You had 16 spell levels left.
You knew the following spells:

 Your Spells              Type           Power      Damage    Failure   Level
a - Scorch                Fire           46%        2d7       1%          2

Your spell library contained the following spells:

 Spells                   Type           Power      Damage    Failure   Level
 Freeze                   Ice            52%        1d7       4%          1
 Magic Dart               Conj           52%        1d5       4%          1
 Sandblast                Erth           26%        2d8       4%          1
 Corpse Rot               Necr/Air       26%        N/A       6%          2
 Poisonous Vapours        Pois/Air       26%        N/A       6%          2
 Gell's Gravitas          Tloc           13%        N/A       12%         3
 Lesser Beckoning         Tloc           13%        N/A       12%         3
 Stone Arrow              Conj/Erth      26%        3d8       12%         3
 Teleport Other           Tloc           13%        N/A       12%         3
 Animate Armour           Summ/Erth      26%        N/A       38%         4
 Lehudib's Crystal Spear  Conj/Erth      6%         10d3      100%        8


Dungeon Overview and Level Annotations

Branches:
Dungeon (5/15)              Sewer (visited)
 Temple: D:4-7

Altars:
Okawaru
Ru
Vehumet

Annotations:
D:4 1 runed translucent door, Zeldest's ghost, weakling TrDe
D:5 1 exclusion


Innate Abilities, Weirdness & Mutations

You have very sharp teeth.
Your uncanny sense of smell can sniff out nearby items.
Your experience applies equally to all skills.


Message History

Flames lash the yak.
The yak is severely wounded.
The yak's fire resistance burns away.
You hear a shout!
The yak gores you!
Casting: Scorch (safe; 1% risk of failure)
Confirm with . or Enter, or press ? or * to list all spells.
Flames lash the yak.
The yak is burned terribly!
You kill the yak!
The yak gores you! The yak closely misses you.
Casting: Scorch (safe; 1% risk of failure)
Confirm with . or Enter, or press ? or * to list all spells.
Flames lash the yak.
The yak is severely wounded.
The yak's fire resistance burns away.
The yak gores you! The yak closely misses you.
Casting: Scorch (safe; 1% risk of failure)
Confirm with . or Enter, or press ? or * to list all spells.
Flames lash the jackal.
You kill the jackal!
You hear a shout!
The yak gores you. The yak gores you!
* * * LOW HITPOINT WARNING * * *
Casting: Scorch (safe; 1% risk of failure)
Confirm with . or Enter, or press ? or * to list all spells.
Flames lash the yak but do no damage.
The yak is no longer more vulnerable to fire.
The yak gores you but does no damage. The yak barely misses you.
Casting: Scorch (safe; 1% risk of failure)
Confirm with . or Enter, or press ? or * to list all spells.
Flames lash the yak.
The yak is severely wounded.
The yak's fire resistance burns away.
The yak gores you but does no damage. The yak gores you!
* * * LOW HITPOINT WARNING * * *
You begin to rise into the air.
The yak gores you!
You die...

............#.##.# #........#^
♣....÷......#.##.# #........#P
.....#........##.# #...##.###P
#....#.##.######.#### #...##.####
....................# #...##.##..
..........######.#### #...##.##..
.##..#.##.# ###.# #...##.##..
.#........####..†### #....#.##..
................@Yo# ####.#.##..
####....†..###.###.#######.#.##..
#.......# #.###......##...##..
#.......# #.#........###......
#.......# #.#.#...##..........
#.......# #.#.##..##..........
######### #....#..............
#.......##..##..(...
#.......##.(##..†...


You could see a yak (combustible) and an orc.

Vanquished Creatures
  4 yaks (D:5)
  A water moccasin (D:4)
  Edmund (D:5)
  A sky beast (D:5)
  An ogre (D:3)
  Blork the orc (D:4)
  8 kobold brigands (Sewer)
  3 scorpions
  Natasha (thrice) (D:4)
  An iguana (D:4)
  3 gnolls (D:5)
  3 river rats
  8 adders
  7 worms
  4 dart slugs
  9 orcs
  3 bats
  11 endoplasms
  3 giant cockroaches (D:1)
  5 goblins
  9 hobgoblins
  5 jackals
  14 kobolds
  A quokka (D:1)
  12 ball pythons
  2 frilled lizards (D:2)
  6 rats
129 creatures vanquished.

Vanquished Creatures (others)
  50 foxfires
50 creatures vanquished.

Grand Total: 179 creatures vanquished

Notes
Turn   | Place    | Note
-------+----------+-------------------------------------------
     0 | D:1      | enile the Gnoll Cinder Acolyte began the quest for the Orb.
     0 | D:1      | Reached XP level 1. HP: 23/23 MP: 4/4
   131 | D:1      | Reached XP level 2. HP: 29/29 MP: 5/5
   342 | D:1      | Got A Beginning Course on Casting
   679 | D:1      | Reached XP level 3. HP: 35/35 MP: 7/7
  1575 | D:1      | Learned a level 2 spell: Scorch
  1654 | D:2      | Reached skill level 1 in Invocations
  1756 | D:2      | Found a faded altar of an unknown god.
  1822 | D:2      | Reached skill level 1 in Short Blades
  1822 | D:2      | Reached skill level 1 in Axes
  1822 | D:2      | Reached skill level 1 in Maces & Flails
  1822 | D:2      | Reached skill level 1 in Polearms
  1822 | D:2      | Reached skill level 1 in Staves
  1822 | D:2      | Reached skill level 1 in Slings
  1822 | D:2      | Reached skill level 1 in Bows
  1822 | D:2      | Reached skill level 1 in Crossbows
  1822 | D:2      | Reached skill level 1 in Throwing
  1822 | D:2      | Reached skill level 1 in Armour
  1822 | D:2      | Reached skill level 1 in Dodging
  1822 | D:2      | Reached skill level 1 in Stealth
  1822 | D:2      | Reached skill level 1 in Shields
  1822 | D:2      | Reached skill level 1 in Unarmed Combat
  1822 | D:2      | Reached skill level 1 in Evocations
  2050 | D:2      | Reached XP level 4. HP: 38/41 MP: 3/8
  2943 | D:3      | Reached skill level 1 in Conjurations
  2943 | D:3      | Reached skill level 1 in Hexes
  2943 | D:3      | Reached skill level 1 in Summonings
  2943 | D:3      | Reached skill level 1 in Necromancy
  2943 | D:3      | Reached skill level 1 in Translocations
  2943 | D:3      | Reached skill level 1 in Transmutations
  2943 | D:3      | Reached skill level 1 in Ice Magic
  2943 | D:3      | Reached skill level 1 in Air Magic
  2943 | D:3      | Reached skill level 1 in Earth Magic
  2943 | D:3      | Reached skill level 1 in Poison Magic
  3042 | D:3      | Noticed an ogre
  3070 | D:3      | Killed an ogre
  3071 | D:3      | Reached XP level 5. HP: 17/47 MP: 9/9
  4196 | D:4      | Found a glowing drain.
  4253 | Sewer    | Entered a sewer
  4354 | Sewer    | Noticed a kobold brigand
  4361 | Sewer    | Killed a kobold brigand
  4362 | Sewer    | Reached XP level 6. HP: 53/53 MP: 3/11
  4724 | Sewer    | Reached XP level 7. HP: 59/59 MP: 9/12
  5496 | D:4      | Found a radiant altar of Vehumet.
  5507 | D:4      | Noticed Natasha
  5510 | D:4      | Killed Natasha
  5580 | D:4      | Reached XP level 8. HP: 67/67 MP: 11/14
  5593 | D:4      | Noticed Natasha
  5612 | D:4      | Killed Natasha
  5938 | D:4      | Found a runed translucent door.
  5942 | D:4      | Noticed Zeldest's ghost (weakling TrDe)
  6090 | D:4      | Noticed Natasha
  6098 | D:4      | Killed Natasha
  6530 | D:4      | Noticed Blork the orc
  6541 | D:4      | Killed Blork the orc
  6726 | D:5      | Entered Level 5 of the Dungeon
  6728 | D:5      | Found an iron altar of Okawaru.
  6932 | D:5      | Noticed a yak
  6932 | D:5      | Noticed a yak
  6933 | D:5      | Noticed a yak
  6933 | D:5      | Noticed a yak
  6934 | D:5      | Noticed a yak
  7164 | D:5      | Noticed Edmund
  7178 | D:5      | Killed Edmund
  7402 | D:5      | Found a sacrificial altar of Ru.
  7540 | D:5      | Killed a yak
  7541 | D:5      | Reached XP level 9. HP: 53/72 MP: 14/16
  7573 | D:5      | Reached skill level 5 in Spellcasting
  7585 | D:5      | Slain by a yak

Illustrated notes

Levels and vault maps discovered:
D:1:      shiori_arrival_oz, layout_basic, minmay_strange_pillars
D:2:      layout_loops_ring, hellmonk_ecumenical_altar_run_dry,
          kennysheep_generic_room_6
D:3:      layout_loops_corners, ebering_dispersal_statue_hall
D:4:      layout_loops_ring, kennysheep_mini_moat,
          cheibrodos_sewer_entry_sluice, ebering_ghost_sewer_d, hex_large,
          uniq_natasha, uniq_blork_the_orc
D:5:      lemuel_castle_with_subvaults [lemuel_castle_interior_carwin_1],
          layout_basic, okawaru_trees_1, nicolae_ru_the_path_less_chosen,
          uniq_edmund

Skill      XL: |  1  2  3  4  5  6  7  8  9 |
---------------+----------------------------+-----
Invocations    | 1 2 3 4 |  4.5
Short Blades   | 1 2 3 4 |  4.1
Axes           | 1 2 3 4 |  4.1
Maces & Flails | 1 2 3 4 |  4.1
Polearms       | 1 2 3 4 |  4.1
Staves         | 1 2 3 4 |  4.1
Slings         | 1 2 3 4 |  4.1
Bows           | 1 2 3 4 |  4.1
Crossbows      | 1 2 3 4 |  4.1
Throwing       | 1 2 3 4 |  4.1
Armour         | 1 2 3 4 |  4.1
Dodging        | 1 2 3 4 |  4.1
Stealth        | 1 2 3 4 |  4.1
Shields        | 1 2 3 4 |  4.1
Unarmed Combat | 1 2 3 4 |  4.1
Evocations     | 1 2 3 4 |  4.1
Spellcasting   | 3 4 5 |  5.0
Conjurations   | 1 2 3 |  3.3
Hexes          | 1 2 3 |  3.3
Summonings     | 1 2 3 |  3.3
Necromancy     | 1 2 3 |  3.3
Translocations | 1 2 3 |  3.3
Transmutations | 1 2 3 |  3.3
Ice Magic      | 1 2 3 |  3.3
Air Magic      | 1 2 3 |  3.3
Earth Magic    | 1 2 3 |  3.3
Poison Magic   | 1 2 3 |  3.3
Fighting       | 7 |  7.8
Long Blades    | 7 |  7.8
Fire Magic     | 6 |  6.5

Action                   |  1- 3 |  4- 6 |  7- 9 || total
-------------------------+-------+-------+-------++-------
Melee: Falchion          |   106 |    25 |     9 ||   140
       Bite              |     9 |     1 |     4 ||    14
       Punch             |     1 |       |     1 ||     2
       Morningstar       |       |       |    15 ||    15
       Flail             |       |       |     3 ||     3
Throw: Dart              |       |       |    17 ||    17
 Cast: Scorch            |    12 |    55 |    74 ||   141
Invok: Fiery Armour      |       |     1 |       ||     1
       Foxfire Swarm     |       |       |     3 ||     3
       Rising Flame      |       |       |     1 ||     1
  Use: Scroll            |     1 |     5 |       ||     6
 Stab: Sleeping          |       |       |     1 ||     1
Armor: Robe              |    25 |     9 |    18 ||    52
Dodge: Dodged            |    55 |    26 |    49 ||   130

Table legend: (Time is in decaauts)
 A = Elapsed time spent in this place.
 B = Non-inter-level travel time spent in this place.
 C = Inter-level travel time spent in this place.
 D = Time resting spent in this place.
 E = Time spent auto-exploring this place.
 F = Levels seen in this place.
 G = Mean time per level.
                   A        B        C        D        E       F      G
               +--------+--------+--------+--------+--------+-----+--------+
         Total |   7737 |   7586 |    151 |    159 |   6253 |   6 | 1289.5 |
       Dungeon |   6375 |   6224 |    151 |    159 |   5151 |   5 | 1275.0 |
         Sewer |   1362 |   1362 |      0 |      0 |   1102 |   1 | 1362.0 |
               +--------+--------+--------+--------+--------+-----+--------+

Top non-repeatable levels by time:
     D:1: 1587 daAuts
     D:3: 1445 daAuts
   Sewer: 1362 daAuts
     D:4: 1332 daAuts
     D:2: 1147 daAuts
     D:5: 862 daAuts
